 Dungeon Crawl Stone Soup version 0.19.1 (webtiles) character file.

65 dajomu the Chopper (level 3, -3/30 HPs)
             Began as a Minotaur Gladiator on Dec 7, 2016.
             Killed by divine providence
             ... invoked by an orc priest
              (10 damage)
             ... on level 3 of the Dungeon.
             The game lasted 00:27:12 (2200 turns).

dajomu the Chopper (Minotaur Gladiator)             Turns: 2200, Time: 00:27:13

Health: -3/30      AC:  5    Str: 19    XL:     3   Next: 92%
Magic:  2/2        EV: 12    Int:  6    God:
Gold:   94         SH:  0    Dex: 10    Spells: 0 memorised, 2 levels left

rFire  x . .     SeeInvis .     a - +0 war axe
rCold  + . .     Gourm    .     q - +0 ring mail
rNeg   . . .     Faith    .     (no shield)
rPois  .         Spirit   .     c - +0 hat
rElec  .         Reflect  .     (no cloak)
rCorr  .         Harm     .     (no gloves)
MR     .....                    (no boots)
Stlth  ..........               (no amulet)
                                (no ring)
                                s - ring of ice

@: no status effects
A: retaliatory headbutt, horns 2
a: no special abilities


You were on level 3 of the Dungeon.
You were not hungry.

You visited 1 branch of the dungeon, and saw 3 of its levels.

You collected 94 gold pieces.

Inventory:

Hand Weapons
 a - a +0 war axe (weapon)
 l - a cursed +0 hunting sling
Missiles
 d - 3 throwing nets (quivered)
 k - 38 bolts
 m - 13 poisoned needles
Armour
 b - a +0 leather armour
 c - a +0 hat (worn)
 h - a +0 chain mail
 i - a +0 cloak
 q - a +0 ring mail (worn)
 w - a +0 ring mail
Jewellery
 s - a ring of ice (left hand)
Scrolls
 o - a scroll of enchant armour {unknown}
 r - a scroll of noise
 v - a scroll of blinking {unknown}
 x - a scroll of immolation {unknown}
Potions
 j - a potion of cancellation
 p - 2 potions of brilliance {unknown}
 t - 2 potions of degeneration {unknown}
Comestibles
 f - 2 bread rations
 g - a meat ration
 n - 5 fruits
 u - a slice of pizza


   Skills:
 + Level 2.9 Fighting
 + Level 4.7 Axes
 + Level 2.2 Throwing
 + Level 0.5 Armour
 + Level 3.9 Dodging


You had 2 spell levels left.
You didn't know any spells.

Dungeon Overview and Level Annotations

Branches:
Dungeon (3/15)

Altars:

Annotations:
D:3 azzavlup's ghost, amateur DsAK


Innate Abilities, Weirdness & Mutations

You reflexively headbutt those who attack you in melee.
You have a pair of horns on your head.


Message History

You see here a stone.
The kobold throws a stone.
The stone hits you but does no damage.
You see here a stone.
The orc barely misses you.
The kobold throws a stone.
The stone closely misses you.
The stone hits the orc.
The kobold throws a stone.
The stone hits you but does no damage.
You see here a stone.
The kobold throws a stone.
The stone closely misses you. The bat misses you.
The bat hits you but does no damage. The bat hits you but does no damage.
The orc priest calls upon Beogh to heal the orc priest.
The orc priest is healed somewhat.
The bat barely misses you. You furiously retaliate!
You headbutt the bat. The bat hits you but does no damage.
The kobold throws a stone.
The stone hits you but does no damage.
You see here a stone.
The bat misses you.
The orc priest mumbles some strange prayers to Beogh against you.
Beogh smites you!
You die...

.#....##.# #.#
.........# #.#
.........## #.#
...........## #.#
#.....## #..# #.#####
#.#....####(####.....###
....[..(...o............
...((.((.(.o.Wob@.......
≈≈≈.≈.≈....≈K≈.≈≈≈≈.≈.≈.
≈≈≈≈≈≈......o≈≈≈≈≈≈≈≈≈≈≈
≈≈≈≈≈≈.....≈≈≈≈≈≈≈≈≈≈≈≈≈
≈≈≈≈≈≈≈....≈≈≈≈≈≈≈≈≈≈≈≈≈
########''##############
#....# #....#


You could see 2 orc priests, azzavlup's ghost, 2 orcs, a bat and a kobold.

Vanquished Creatures
  2 adders (D:3)
  2 worms (D:2)
  A dart slug (D:2)
  An orc (D:3)
  3 bats
  A giant cockroach (D:2)
  6 goblins
  4 hobgoblins
  A quokka (D:3)
  2 frilled lizards (D:1)
  8 kobolds
  7 rats
38 creatures vanquished.

Notes
Turn   | Place    | Note
-------+----------+-------------------------------------------
     0 | D:1      | dajomu the Minotaur Gladiator began the quest for the Orb.
     0 | D:1      | Reached XP level 1. HP: 18/18 MP: 0/0
   401 | D:1      | Reached XP level 2. HP: 25/25 MP: 1/1
   412 | D:1      | Reached skill level 4 in Axes
  1365 | D:2      | Reached XP level 3. HP: 30/30 MP: 2/2
  2180 | D:3      | Noticed azzavlup's ghost (amateur DsAK)
  2200 | D:3      | Killed from afar by an orc priest

Skill      XL: |  1  2 |
---------------+-------+-----
Axes           | 4 |  4.7
Fighting       | |  2.9
Throwing       | |  2.2
Armour         | |  0.5
Dodging        | |  3.9

Action                   || total
-------------------------++-------
Melee: War axe           ||    80
       Headbutt          ||     8
  Use: Scroll            ||     6
  Eat: Meat ration       ||     1
Armor: Chain mail        ||     9
       Ring mail         ||    27
Dodge: Dodged            ||    68
